 Dungeon Crawl Stone Soup version 0.23-a0-625-g1d2cd9b (webtiles) character file.

102609 nikopol the Eclecticist (level 15, -2/75 HPs)
             Began as a Deep Elf Fire Elementalist on Dec 21, 2018.
             Was a High Priest of Vehumet.
             Slain by Frances
             ... wielding a +0 halberd
              (34 damage)
             ... on level 14 of the Dungeon on Dec 24, 2018.
             The game lasted 02:31:34 (35381 turns).

nikopol the Eclecticist (DEFE)                     Turns: 35381, Time: 02:31:35

Health: -2/75      AC:  9    Str:  5    XL:     15   Next: 86%
Magic:  24/41      EV: 16    Int: 27    God:    Vehumet [*****.]
Gold:   2687       SH:  0    Dex: 15    Spells: 26/54 levels left

rFire    . . .     SeeInvis +   G - staff of energy
rCold    . . .     Gourm    .   (no shield)
rNeg     . . .     Faith    .   L - +2 robe {MR+}
rPois    +         Spirit   .   w - +2 hat {MR+}
rElec    .         Reflect  .   (no cloak)
rCorr    .         Harm     .   d - +1 pair of gloves
MR       +++..                  q - +0 pair of boots
Stlth    +++.......             (no amulet)
HPRegen  0.22/turn              T - ring of see invisible
MPRegen  0.27/turn              t - ring of poison resistance

@: no status effects
A: no striking features
a: Renounce Religion


You were on level 14 of the Dungeon.
You worshipped Vehumet.
Vehumet was extremely pleased with you.
You were not hungry.

You visited 3 branches of the dungeon, and saw 22 of its levels.

You collected 2942 gold pieces.
You spent 255 gold pieces at shops.

Inventory:

Armour
 d - a +1 pair of gloves (worn)
 q - a +0 pair of boots (worn)
 w - a +2 hat of magic resistance (worn)
 L - a +2 robe of magic resistance (worn)
Magical Staves
 G - an uncursed staff of energy (weapon)
Jewellery
 m - an uncursed ring of protection from fire
 t - a ring of poison resistance (right hand)
 H - an uncursed ring of ice
 O - an uncursed ring of resist corrosion
 T - a ring of see invisible (left hand)
Wands
 a - a wand of flame (25)
 b - a wand of clouds (5)
 A - a wand of scattershot (6)
 E - a wand of random effects (15)
 F - a wand of polymorph (9)
 I - a wand of disintegration (24)
 M - a wand of digging (21)
 S - a wand of iceblast (15)
 V - a wand of paralysis (9)
Scrolls
 g - 4 scrolls of enchant weapon
 h - 2 scrolls of fear
 j - 7 scrolls of remove curse
 l - 4 scrolls of enchant armour
 o - 7 scrolls of teleportation
 v - a scroll of magic mapping
 y - 2 scrolls of amnesia
 z - a scroll of identify
 C - 2 scrolls of fog
 P - 2 scrolls of immolation
Potions
 e - 4 potions of curing
 f - a potion of haste
 i - 3 potions of invisibility
 k - 5 potions of brilliance
 n - 6 potions of lignification
 r - 3 potions of mutation
 s - 2 potions of agility
 u - 2 potions of cancellation
 x - a potion of heal wounds
 D - 2 potions of might
 J - a potion of berserk rage
 Q - a potion of magic {unknown}
 R - 2 potions of flight {unknown}
Comestibles
 c - 39 rations
 p - 3 chunks of flesh


   Skills:
 + Level 1.9 Fighting
 + Level 6.1 Dodging
 + Level 6.1 Stealth
 + Level 20.3 Spellcasting
 + Level 16.1 Conjurations
 + Level 1.2 Translocations
 + Level 16.4 Fire Magic
 + Level 5.1 Earth Magic


You had 26 spell levels left.
You knew the following spells:

 Your Spells              Type           Power        Failure   Level  Hunger
a - Flame Tongue          Conj/Fire      #####        0%          1    None
b - Throw Flame           Conj/Fire      ######       0%          2    None
c - Conjure Flame         Conj/Fire      #######.     0%          3    None
d - Sticky Flame          Conj/Fire      #######.     0%          4    None
e - Fireball              Conj/Fire      #######...   1%          5    None
f - Iron Shot             Conj/Erth      ######....   1%          6    None
g - Blink                 Tloc           N/A          1%          2    None
h - Bolt of Magma         Conj/Fire/Erth #######...   1%          5    None

Your spell library contained the following spells:

 Spells                   Type           Power        Failure   Level  Hunger
 Magic Dart               Conj           ####         0%          1    None
 Corona                   Hex            ####...      1%          1    None
 Sting                    Conj/Pois      ####         1%          1    None
 Shroud of Golubria       Chrm/Tloc      ####......   1%          2    None
 Inner Flame              Hex/Fire       ######..     1%          3    None
 Mephitic Cloud           Conj/Pois/Air  ######..     1%          3    None
 Venom Bolt               Conj/Pois      ######....   1%          5    None
 Call Imp                 Summ           ####....     2%          2    None
 Poisonous Vapours        Pois/Air       ####..       2%          2    None
 Slow                     Hex            ####....     2%          2    None
 Gell's Gravitas          Tloc           ####......   2%          3    None
 Lesser Beckoning         Tloc           ####......   2%          3    None
 Teleport Other           Tloc           ####....     2%          3    None
 Portal Projectile        Hex/Tloc       ####..       3%          3    None
 Leda's Liquefaction      Hex/Erth       #####.....   4%          4    None
 Olgreb's Toxic Radiance  Pois           ####....     4%          4    None
 Passage of Golubria      Tloc           N/A          9%          4    None
 Cause Fear               Hex            ####......   14%         4    None


Dungeon Overview and Level Annotations

Branches:
Dungeon (14/15)            Temple (0/1) D:6            Lair (6/6) D:10
 Shoals (0/4) Lair:3        Snake (0/4) Lair:2        Slime (0/5) Lair:5
    Orc (2/2) D:12            Elf (0/3) Orc:2        Vaults (0/5) D:13

Altars:
Cheibriados
Fedhas
Gozag
Hepliaklqana
Makhleb
Okawaru
Qazlal
Ru
Trog
Uskayaw
Vehumet
Wu Jian
Xom
Yredelemnul
The Shining One
Beogh

Shops:
D:6 *   Orc:2 [(*=

Annotations:
D:3 2 runed doors, Duffy's ghost, weakling NaGl
D:14 Frances
Lair:6 1 runed door, melvinkitnick's ghost, journeyman GrMo
Orc:2 3 runed doors, Lanoc's ghost, journeyman MiGl


Message History

You open the door.
Casting: Iron Shot (safe; 1% risk of failure)
Confirm with . or Enter, or press ? or * to list all spells.
Aiming: Conjure Flame (safe; 0% risk of failure)
Press: ? - help, Dir - move target cursor The fire ignites!
Frances hits you from afar with a +0 halberd!
Frances is engulfed in blazing flames.
Frances speaks in an indecipherable language.
Frances whispers indecipherable words.
There is an open door here.
Frances is engulfed in blazing flames.
Frances mutters in a terrible tongue.
The iron shot hits you!
Frances is engulfed in blazing flames.
There is a stone staircase leading up here.
The sixfirhy is engulfed in blazing flames.
Frances closely misses you. The sixfirhy hits you. The sixfirhy shocks you!
Frances hits you from afar with a +0 halberd!!
You die...

# #.#
###...##.....#####...#...#, #
#.#####...##..3.## #.....#.#*,
# #.##......##.#.##
#.......#*, #
#.##.##..###.#ยง# #.....###*,
# #.##.##..###4#.# ##...#####.
#.##.##......#'## ##.....>..
#.......#####.@.## #.#######
####.#### ##..3..## #.## #.#
#...@...## #..###
##############.......####....#
.............#.......+.......#
.............#.......####....#
.............#...>..## ##.#.#
...#######...#.....## ###.#
...# #...#....## #.# ...#
#...#.#'## #.# ...# #...'.#.#
#.#


You could see Frances, a rust devil and 2 sixfirhies.

Vanquished Creatures
  Saint Roka (Orc:1)
  Rupert (D:13)
  Gastronok (D:11)
  Kirke (Lair:6)
  2 orc warlords
  A stone giant (Orc:2)
  Fannar (Lair:1)
  A vault guard (D:13)
  Erolcha (Orc:1)
  Josephine (D:13)
  10 hydras
  2 catoblepae
  2 centaur warriors (D:13)
  Erica (D:9)
  5 two-headed ogres
  Urug (D:13)
  3 orc high priests
  Nergalle (Lair:2)
  3 wizards (D:13)
  An unseen horror (D:13)
  3 orc knights (Orc:2)
  A wolf spider zombie (D:14)
  Pikel (D:4)
  3 necromancers (D:13)
  6 orc sorcerers
  2 deep elf magi (D:13)
  6 elephants (Lair:5)
  4 cyclopes
  5 oklob plants
  A wolf spider (Lair:6)
  2 manticores (D:12)
  3 merfolk sirens (Lair:3)
  4 gargoyles
  A centaur skeleton (D:12)
  7 black mambas
  A guardian serpent (Lair:6)
  A torpor snail (Lair:6)
  2 rime drakes (Lair:2)
  6 komodo dragons
  13 spiny frogs
  An efreet (D:14)
  2 freezing wraiths (D:14)
  10 trolls
  A merfolk (Lair:3)
  6 hornets
  A polar bear (Lair:2)
  3 slime creatures (D:13)
  27 blink frogs
  7 dream sheep (Lair:6)
  8 hippogriffs
  3 redbacks (Lair:6)
  18 humans (D:13)
  2 vampires
  A spriggan (Lair:2)
  5 wraiths
  2 hogs (Lair:6)
  12 wyverns
  42 yaks
  4 basilisks
  2 hungry ghosts (D:11)
  8 vampire mosquitoes (D:14)
  4 nagas (Lair:2)
  7 wargs
  21 water moccasins
  A soldier ant (D:9)
  39 orc warriors
  6 porcupines
  5 sky beasts
  A black bear (D:12)
  A black bear (shapeshifter) (D:14)
  2 ice beasts
  2 eyes of draining
  4 necrophages
  11 ogres
  9 crocodiles
  A tengu (shapeshifter) (D:13)
  5 centaurs
  17 wolves
  A wyvern zombie (D:11)
  Blork the orc (Orc:2)
  2 big kobolds
  16 bullfrogs
  A water moccasin zombie (D:8)
  6 scorpions
  2 water moccasin skeletons (D:4)
  15 killer bees
  6 howler monkeys
  19 wights
  2 electric eels (Lair:1)
  3 bullfrog zombies
  3 crimson imps
  11 hounds
  A quasit (D:8)
  4 centaur zombies
  35 orc priests
  4 iguanas
  22 orc wizards
  6 hell rats (Lair:4)
  11 worker ants
  A hound zombie (D:7)
  A hound skeleton (D:11)
  10 adders
  8 gnolls (D:6)
  2 shadow imps
  4 worms
  2 dart slugs
  5 leopard geckos
  77 orcs
  9 giant cockroaches
  12 hobgoblins
  3 jackals (D:6)
  5 quokkas
  5 bats (D:2)
  3 frilled lizards
  6 goblins
  17 kobolds
  A quokka skeleton (D:6)
  8 rats
  9 fungi
  4 plants
776 creatures vanquished.

Vanquished Creatures (others)
  A crimson imp (D:4)
  24 fungi
  41 plants
66 creatures vanquished.

Grand Total: 842 creatures vanquished

Notes
Turn   | Place    | Note
-------+----------+-------------------------------------------
     0 | D:1      | nikopol the Deep Elf Fire Elementalist began the quest for
                  | the Orb.
     0 | D:1      | Reached XP level 1. HP: 10/10 MP: 6/6
   238 | D:1      | Reached XP level 2. HP: 15/15 MP: 4/8
  1060 | D:2      | Reached XP level 3. HP: 19/19 MP: 7/9
  1064 | D:2      | Learned a level 2 spell: Throw Flame
  1068 | D:2      | Learned a level 3 spell: Conjure Flame
  1678 | D:2      | Found a snail-covered altar of Cheibriados.
  1679 | D:2      | Found a basalt altar of Yredelemnul.
  1682 | D:2      | Found a hazy altar of Hepliaklqana.
  1687 | D:2      | Found a sacrificial altar of Ru.
  1687 | D:2      | Found a radiant altar of Vehumet.
  1690 | D:2      | Found a bloodstained altar of Trog.
  1690 | D:2      | Found a stormy altar of Qazlal.
  1691 | D:2      | Found an opulent altar of Gozag.
  1692 | D:2      | Found a glowing golden altar of the Shining One.
  1693 | D:2      | Found an ornate altar of the Wu Jian Council.
  1697 | D:2      | Became a worshipper of Vehumet
  1965 | D:3      | Found a runed door.
  1969 | D:3      | Noticed Duffy's ghost (weakling NaGl)
  2178 | D:3      | Reached XP level 4. HP: 24/24 MP: 7/11
  2189 | D:3      | Reached skill level 4 in Spellcasting
  2202 | D:3      | Found a runed door.
  2229 | D:2      | Learned a level 4 spell: Sticky Flame
  2592 | D:3      | Reached XP level 5. HP: 13/28 MP: 4/14
  3025 | D:3      | Reached skill level 5 in Fire Magic
  3236 | D:4      | Reached skill level 5 in Spellcasting
  3236 | D:4      | Reached XP level 6. HP: 16/32 MP: 6/15
  3327 | D:4      | Learned a level 5 spell: Fireball
  3489 | D:4      | Noticed a slave
  3489 | D:4      | Noticed Pikel
  3490 | D:4      | Noticed a slave
  3719 | D:4      | Noticed a slave
  3818 | D:4      | Noticed a slave
  4047 | D:4      | Reached XP level 7. HP: 37/37 MP: 13/17
  4055 | D:4      | Reached skill level 6 in Spellcasting
  4251 | D:4      | Reached * piety under Vehumet
  4251 | D:4      | Offered knowledge of Freeze by Vehumet.
  4368 | D:4      | Killed Pikel
  4368 | D:4      | Reached skill level 7 in Spellcasting
  4368 | D:4      | Reached XP level 8. HP: 42/42 MP: 11/21
  4444 | D:5      | Entered Level 5 of the Dungeon
  4685 | D:5      | Reached skill level 5 in Conjurations
  4772 | D:5      | Reached skill level 8 in Spellcasting
  5298 | D:5      | Reached skill level 1 in Fighting
  5820 | D:6      | Found a staircase to the Ecumenical Temple.
  5862 | D:6      | Reached skill level 5 in Stealth
  6029 | D:6      | Reached XP level 9. HP: 47/47 MP: 13/23
  6039 | D:6      | Reached skill level 9 in Spellcasting
  6365 | D:6      | Found Ocemm's Assorted Antiques.
  6370 | D:6      | Offered knowledge of Searing Ray by Vehumet.
  6374 | D:6      | Reached ** piety under Vehumet
  6381 | D:6      | Bought a hardcover book for 255 gold pieces
  6384 | D:6      | Learned a level 2 spell: Searing Ray
  6387 | D:6      | Learned a level 2 spell: Blink
  6394 | D:6      | Found a hide-covered altar of Uskayaw.
  7117 | D:7      | Got a pair of steaming gloves
  7128 | D:7      | Identified the +0 pair of gloves of Guhok {Str+4} (You
                  | found it on level 7 of the Dungeon)
  7256 | D:7      | Reached skill level 10 in Spellcasting
  8196 | D:8      | Offered knowledge of Dazzling Spray by Vehumet.
  8199 | D:8      | Reached XP level 10. HP: 52/52 MP: 22/26
  8234 | D:8      | Reached skill level 11 in Spellcasting
  8502 | D:8      | Reached *** piety under Vehumet
  8596 | D:8      | Found a burning altar of Makhleb.
  8600 | D:8      | Found a shimmering altar of Xom.
  8920 | D:8      | Noticed a two-headed ogre
  8930 | D:8      | Killed a two-headed ogre
  9589 | D:9      | Offered knowledge of Ignite Poison by Vehumet.
  9589 | D:9      | Reached skill level 12 in Spellcasting
  9589 | D:9      | Reached skill level 10 in Fire Magic
 10109 | D:9      | Noticed Erica
 10114 | D:9      | Killed Erica
 10366 | D:9      | Reached XP level 11. HP: 37/56 MP: 13/29
 10950 | D:10     | Entered Level 10 of the Dungeon
 11089 | D:10     | Noticed a two-headed ogre
 11102 | D:9      | Reached skill level 10 in Conjurations
 11638 | D:10     | Found a staircase to the Lair.
 11718 | D:10     | Noticed a two-headed ogre
 11747 | D:10     | Killed a two-headed ogre
 11747 | D:10     | Reached skill level 13 in Spellcasting
 11904 | D:10     | Reached **** piety under Vehumet
 12092 | D:10     | Killed a two-headed ogre
 12177 | D:10     | Offered knowledge of Fulminant Prism by Vehumet.
 12695 | D:11     | Noticed a two-headed ogre
 12708 | D:11     | Killed a two-headed ogre
 12867 | D:11     | Reached skill level 14 in Spellcasting
 13463 | D:11     | Noticed Gastronok
 13652 | D:10     | Upgraded the game from 0.23-a0-612-gcb482e9 to
                  | 0.23-a0-622-g59b4ea9
 14043 | D:11     | Killed Gastronok
 14043 | D:11     | Reached XP level 12. HP: 61/61 MP: 6/32
 14353 | D:11     | Found a burning altar of Makhleb.
 14405 | D:11     | Found a blossoming altar of Fedhas.
 14845 | D:12     | Reached skill level 15 in Spellcasting
 15027 | D:12     | Noticed a two-headed ogre
 15038 | D:12     | Killed a two-headed ogre
 15561 | D:12     | Found an opulent altar of Gozag.
 15794 | D:12     | Noticed a catoblepas
 15802 | D:12     | Killed a catoblepas
 16080 | D:12     | Identified the +8 hand crossbow "Beumawk" {elec, rC++ MP+9}
 16184 | D:12     | Reached ***** piety under Vehumet
 16238 | D:12     | Found a staircase to the Orcish Mines.
 16460 | D:12     | Offered knowledge of Throw Icicle by Vehumet.
 16746 | Lair:1   | Entered Level 1 of the Lair of Beasts
 17083 | Lair:1   | Reached skill level 16 in Spellcasting
 17085 | Lair:1   | Noticed Fannar
 17088 | Lair:1   | Killed Fannar
 18636 | Lair:2   | Reached XP level 13. HP: 66/66 MP: 24/35
 18658 | Lair:2   | Reached skill level 5 in Dodging
 18776 | Lair:2   | Found a staircase to the Snake Pit.
 19004 | Lair:2   | Noticed Nergalle
 19008 | Lair:2   | Killed Nergalle
 19372 | Lair:2   | You fall through a shaft for 2 floors!
 19714 | Lair:3   | Found a staircase to the Shoals.
 19839 | Lair:3   | Found a radiant altar of Vehumet.
 20089 | Lair:3   | Reached skill level 17 in Spellcasting
 21258 | Lair:4   | Offered knowledge of Iskenderun's Mystic Blast by Vehumet.
 23406 | Lair:5   | Reached XP level 14. HP: 71/71 MP: 20/37
 23407 | Lair:5   | Reached skill level 18 in Spellcasting
 23808 | Lair:5   | Found a staircase to the Slime Pits.
 24571 | Lair:6   | Entered Level 6 of the Lair of Beasts
 25103 | Lair:6   | Noticed Kirke
 25776 | Lair:6   | Upgraded the game from 0.23-a0-622-g59b4ea9 to
                  | 0.23-a0-625-g1d2cd9b
 25833 | Lair:6   | Reached skill level 15 in Fire Magic
 25845 | Lair:6   | Found a runed door.
 25878 | Lair:6   | Offered knowledge of Bolt of Magma by Vehumet.
 25885 | Lair:6   | Learned a level 5 spell: Bolt of Magma
 26453 | Lair:6   | Got a bloodstained falchion
 26454 | Lair:6   | Identified the +10 falchion "Docamick" {holy, +Blink rC+
                  | Dex+3} (You found it on level 6 of the Lair of Beasts)
 26687 | Lair:6   | Reached skill level 1 in Earth Magic
 26742 | Lair:6   | Reached skill level 19 in Spellcasting
 27151 | Lair:6   | Noticed melvinkitnick's ghost (journeyman GrMo)
 27170 | Lair:6   | Killed Kirke
 27415 | Orc:1    | Entered Level 1 of the Orcish Mines
 27680 | Orc:1    | Noticed Erolcha
 27710 | Orc:1    | Killed Erolcha
 27929 | Orc:1    | Noticed an orc warlord
 27934 | Orc:1    | Reached skill level 15 in Conjurations
 27941 | Orc:1    | Killed an orc warlord
 28488 | Orc:1    | Found a roughly hewn altar of Beogh.
 28627 | Orc:1    | Found a shimmering altar of Xom.
 28746 | Orc:2    | Entered Level 2 of the Orcish Mines
 28746 | Orc:2    | Noticed Saint Roka
 29335 | Orc:2    | Offered knowledge of Conjure Ball Lightning by Vehumet.
 29355 | Orc:1    | Killed Saint Roka
 29355 | Orc:1    | Reached skill level 1 in Translocations
 29355 | Orc:1    | Reached XP level 15. HP: 9/75 MP: 4/40
 30594 | Orc:2    | Noticed an orc warlord
 30608 | Orc:2    | Killed an orc warlord
 30929 | Orc:2    | Noticed Blork the orc
 30931 | Orc:2    | Killed Blork the orc
 30972 | Orc:2    | Found a roughly hewn altar of Beogh.
 31078 | Orc:2    | Found Vegulef's Jewellery Shoppe.
 31091 | Orc:2    | Found Zoluruis's Antique Weapon Shoppe.
 31098 | Orc:2    | Found Setainusch's Antique Armour Shoppe.
 31105 | Orc:2    | Found Ogeikhlu's General Store.
 31169 | Orc:2    | Found a radiant altar of Vehumet.
 31174 | Orc:2    | Found a staircase to the Elven Halls.
 31215 | Orc:2    | Found a runed gate.
 31215 | Orc:2    | Found a runed gate.
 31215 | Orc:2    | Found a runed gate.
 31216 | Orc:2    | Noticed Lanoc's ghost (journeyman MiGl)
 31235 | Orc:2    | Found an iron altar of Okawaru.
 31564 | D:13     | Noticed Urug
 31926 | D:13     | Killed Urug
 32159 | D:13     | Noticed Rupert
 32164 | D:13     | Killed Rupert
 32243 | D:13     | Identified the +1 scale mail of the Centipede {Dex+6}
 32486 | D:13     | Reached skill level 20 in Spellcasting
 32672 | D:13     | Offered knowledge of Iron Shot by Vehumet.
 32807 | D:13     | Learned a level 6 spell: Iron Shot
 33229 | D:13     | Noticed Josephine
 33231 | D:13     | Killed Josephine
 33906 | D:13     | Identified the +3 scale mail "Qeikirad" {rF+ Regen+}
 34121 | D:13     | Reached skill level 5 in Earth Magic
 34178 | D:13     | Found a gate to the Vaults.
 34514 | D:14     | Noticed Frances
 35381 | D:14     | Slain by Frances

Vault maps used:
D:1:      dpeg_arrival_another_circle
D:2:      minitemple
D:3:      ebering_ghost_sewer_f, st_stairs_11
D:4:      first_ration, portal_sewer_entry_e, uniq_pikel
D:5:      minmay_chambers_of_fours
D:6:      eat_drink_and_be_merry_uskayaw, temple_hall, serial_shops, shop
D:8:      grunt_temple_overflow_champion_of_chaos
D:9:      hangedman_pestilent_swarm, uniq_erica
D:10:     grunt_lair_entry_orc_guard_hut, kennysheep_small_square
D:11:     hangedman_tree_tricks, david_defended_altar_elf, uniq_gastronok
D:12:     erik_orc_4, basic_altar, chequers_garden
D:13:     grunt_vaults_entry_tiered, uniq_josephine, uniq_urug, uniq_rupert
D:14:     gauntlet_entry_generic, kennysheep_decorative_pillar,
          kennysheep_path_1, uniq_frances
Lair:1:   disabler_island, minmay_lair_oklob_chamber, uniq_fannar
Lair:2:   minmay_snake_entry_guardpost_small, grunt_forest_large_clearing_hut,
          grunt_megastairs_3, uniq_nergalle
Lair:3:   elwin_shoals_entry_stream, basic_altar, grunt_megastairs_2
Lair:5:   dpeg_slime_entry_corner, wad_woods_river_01, lemuel_fruit_fields
Lair:6:   hangedman_lair_tendril_chambers, ebering_ghost_inner_flame, uniq_kirke
Orc:1:    basic_altar, minmay_orc_temple_c, uniq_erolcha
Orc:2:    grunt_orc_cross, gammafunk_ghost_fury_of_okawaru, basic_altar,
          uniq_saint_roka

Skill      XL: |  1  2  3  4  5  6  7  8  9 10 11 12 13 14 15 |
---------------+----------------------------------------------+-----
Fire Magic     | 4 5 6 7 9 10 11 13 14 15 16 | 16.4
Dodging        | 3 4 5 6 |  6.1
Spellcasting   | 4 5 7 8 10 12 14 16 17 19 20 | 20.3
Conjurations   | 2 3 4 6 8 9 11 12 14 15 16 | 16.1
Stealth        | 3 4 5 6 |  6.1
Fighting       | 1 |  1.9
Earth Magic    | 2 5 |  5.1
Translocations | 1 |  1.2

Action                   |  1- 3 |  4- 6 |  7- 9 | 10-12 | 13-15 || total
-------------------------+-------+-------+-------+-------+-------++-------
Melee: Unarmed           |     1 |       |       |       |       ||     1
       Dagger            |       |       |    53 |       |       ||    53
       Staff             |       |       |       |       |     1 ||     1
 Cast: Flame Tongue      |    75 |    56 |   192 |   221 |   394 ||   938
       Throw Flame       |       |    21 |    25 |    24 |    31 ||   101
       Sticky Flame      |       |     2 |    16 |    47 |    83 ||   148
       Conjure Flame     |       |       |     8 |     8 |     7 ||    23
       Fireball          |       |       |    16 |   154 |   314 ||   484
       Searing Ray       |       |       |       |    10 |       ||    10
       Bolt of Magma     |       |       |       |       |    72 ||    72
       Blink             |       |       |       |       |    16 ||    16
       Iron Shot         |       |       |       |       |    41 ||    41
Evoke: Wand              |       |       |       |       |     2 ||     2
  Use: Scroll            |       |     9 |       |     6 |    15 ||    30
       Potion            |       |     1 |     1 |       |     5 ||     7
  Eat: Chunk             |     4 |     5 |    13 |    28 |    44 ||    94
       Ration            |       |       |     1 |     3 |     2 ||     6
Armor: Robe              |     4 |     4 |    19 |    13 |    42 ||    82
       Skin              |       |       |       |       |    10 ||    10
Dodge: Dodged            |    10 |    12 |    79 |    70 |   134 ||   305

Table legend:
 A = Non-vault XP
 B = Vault XP
 C = Vault XP percentage of total XP
 D = Non-vault monster count
 E = Vault monster count
 F = Vault count percentage of total count
                 A         B        C        D         E       F
            +---------+---------+-------+---------+---------+-------
      Total |   87967 |   58618 |  40.0 |     548 |     215 |  28.2
            +---------+---------+-------+---------+---------+-------
        D:1 |      20 |       0 |   0.0 |      12 |       0 |   0.0
        D:2 |      58 |       0 |   0.0 |      24 |       0 |   0.0
        D:3 |     234 |       7 |   2.9 |      21 |       3 |  12.5
        D:4 |     534 |     604 |  53.1 |      16 |       9 |  36.0
        D:5 |     601 |     324 |  35.0 |      12 |       4 |  25.0
        D:6 |     963 |       0 |   0.0 |      32 |       0 |   0.0
        D:7 |     966 |       0 |   0.0 |      19 |       0 |   0.0
        D:8 |    3069 |      46 |   1.5 |      30 |       1 |   3.2
        D:9 |    2299 |    1484 |  39.2 |      19 |       6 |  24.0
       D:10 |    4732 |     664 |  12.3 |      24 |       7 |  22.6
       D:11 |    4407 |    3302 |  42.8 |      29 |       3 |   9.4
       D:12 |    7163 |     773 |   9.7 |      39 |      16 |  29.1
       D:13 |    9314 |   13955 |  60.0 |      38 |      32 |  45.7
       D:14 |    4333 |       0 |   0.0 |      28 |       0 |   0.0
     Lair:1 |    2901 |    3273 |  53.0 |      12 |       8 |  40.0
     Lair:2 |    4259 |    2669 |  38.5 |      11 |      10 |  47.6
     Lair:3 |    2743 |    2145 |  43.9 |      11 |       5 |  31.2
     Lair:4 |    7504 |       0 |   0.0 |      38 |       0 |   0.0
     Lair:5 |   10690 |     350 |   3.2 |      33 |       3 |   8.3
     Lair:6 |   12462 |   11757 |  48.5 |      41 |      37 |  47.4
      Orc:1 |    5342 |    9083 |  63.0 |      29 |      31 |  51.7
      Orc:2 |    3373 |    8182 |  70.8 |      30 |      40 |  57.1
            +---------+---------+-------+---------+---------+-------
